 Dungeon Crawl Stone Soup version 0.29-a0-330-g52719c12eb (webtiles) character file.

Game seed: 17791841090420559864

658 Crownlay the Stinger (level 7, 0/52 HPs)
             Began as a Merfolk Venom Mage on Apr 24, 2022.
             Killed from afar by Pikel (4 damage)
             ... with a puff of flame
             ... on level 5 of the Dungeon.
             The game lasted 00:12:46 (5188 turns).

Crownlay the Stinger (Merfolk Venom Mage)           Turns: 5188, Time: 00:12:47

Health: 0/52       AC:  4    Str:  8    XL:     7   Next: 55%
Magic:  7/12       EV: 15    Int: 17    God:
Gold:   157        SH:  0    Dex: 20    Spells: 7/13 levels left

rFire   . . .      SeeInvis .   s - +1 spear (venom)
rCold   . . .      Faith    .   (no shield)
rNeg    + . .      Spirit   .   a - +0 robe
rPois   .          Reflect  .   (no helmet)
rElec   .          Harm     .   (no cloak)
rCorr   .          Rampage  .   n - +1 pair of gloves
Will    .....                   (no boots)
Stlth   ++........              m - amulet of regeneration
HPRegen 0.97/turn               k - +6 ring of dexterity
MPRegen 0.13/turn               d - ring of positive energy

@: no status effects
A: (nimble swimmer 2), mertail
a: no special abilities


You were on level 5 of the Dungeon.
You visited 1 branch of the dungeon, and saw 5 of its levels.

You collected 235 gold pieces.
You spent 78 gold pieces at shops.

Inventory:

Hand Weapons
 s - a +1 spear of venom (weapon)
Armour
 a - a +0 robe (worn)
 n - a +1 pair of gloves (worn)
Jewellery
 d - a ring of positive energy (right hand)
 k - a +6 ring of dexterity (left hand)
 m - an amulet of regeneration (around neck)
Wands
 x - a wand of digging (4)
Scrolls
 f - a scroll of enchant weapon
 i - 3 scrolls of teleportation {unknown}
 j - 2 scrolls of blinking
 p - 2 scrolls of immolation {unknown}
 q - a scroll of noise {unknown}
 r - a scroll of enchant armour {unknown}
 u - a scroll of magic mapping {unknown}
 w - a scroll of fog
Potions
 b - a potion of magic
 c - 3 potions of mutation {unknown}
 e - a potion of berserk rage {unknown}
 g - a potion of ambrosia {unknown}
 h - 2 potions of might {unknown}
 l - 3 potions of curing {unknown}
 o - 2 potions of attraction {unknown}
 t - a potion of heal wounds {unknown}
 v - a potion of brilliance
 z - a potion of resistance {unknown}


   Skills:
 + Level 3.6 Fighting
 + Level 4.9 Dodging
 - Level 2.4 Stealth
 + Level 3.7 Spellcasting
 + Level 4.7 Transmutations
 + Level 5.1 Poison Magic


You had 7 spell levels left.
You knew the following spells:

 Your Spells              Type           Power      Damage    Failure   Level
a - Sting                 Tmut/Pois      80%        1d7       1%          1
b - Poisonous Vapours     Pois/Air       24%        N/A       9%          2
c - Mephitic Cloud        Conj/Pois/Air  9%         N/A       24%         3

Your spell library contained the following spells:

 Spells                   Type           Power      Damage    Failure   Level
 Beastly Appendage        Tmut           38%        N/A       2%          1
 Wereblood                Tmut           19%        N/A       3%          2
 Spider Form              Tmut/Pois      20%        N/A       6%          3
 Shock                    Conj/Air       12%        1d3       16%         1
 Olgreb's Toxic Radiance  Pois           20%        N/A       19%         4
 Swiftness                Air            3%         N/A       43%         3
 Airstrike                Air            1%         N/A       85%         4


Dungeon Overview and Level Annotations

Branches:
Dungeon (5/15)
 Temple: D:4-7

Altars:
Hepliaklqana
Kikubaaqudgha
Qazlal

Shops:
D:4 *

Annotations:
D:5 Menkaure, Pikel


Innate Abilities, Weirdness & Mutations

((You are very nimble when in or above water. (Stealth+, EV+, Speed+++)))
Your lower body shifts to a powerful aquatic tail in water.


Message History

Aiming: Sting (safe; 1% risk of failure)
Press: ? - help, Shift-Dir - straight line, f/p - Pikel
Aim: Pikel, wielding a +0 whip of electrocution, wearing a +1 robe of willpower and carrying a wand of flame (11) (lightly wounded, very poisoned, 70% to hit)
The sting misses Pikel.
You barely miss Pikel.
Pikel is lightly wounded.
Pikel hits you with a +0 whip of electrocution.
You closely miss Pikel.
Pikel is lightly wounded.
Pikel hits you with a +0 whip of electrocution!
You hit Pikel.
Pikel looks as sick as possible!
Pikel is lightly wounded.
Pikel hits you with a +0 whip of electrocution.
You are electrocuted!
You hit Pikel.
Pikel is moderately wounded.
Pikel hits you with a +0 whip of electrocution.
You are electrocuted!
* * * LOW HITPOINT WARNING * * *
Pikel zaps a wand.
The puff of flame hits you!
* * * LOW HITPOINT WARNING * * *
You are too injured to fight recklessly!
You hit Pikel but do no damage.
Pikel looks as sick as possible!
Pikel is heavily wounded.
A lemure comes into view.
Pikel zaps a wand.
The puff of flame misses you.
Casting: Sting (safe; 1% risk of failure)
Confirm with . or Enter, or press ? or * to list all spells.
Aiming: Sting (safe; 1% risk of failure)
Press: ? - help, Shift-Dir - straight line, f/p - Pikel
Aim: Pikel, wielding a +0 whip of electrocution, wearing a +1 robe of willpower and carrying a wand of flame (9) (severely wounded, extremely poisoned, 70% to hit)
The sting hits Pikel but does no damage.
Pikel looks as sick as possible!
Pikel is severely wounded.
The lemure shouts!
Pikel misses you.
You closely miss Pikel.
Pikel is almost dead.
Pikel zaps a wand.
The puff of flame hits you.
You die...

######### #....5...
#5####### # #5# .# #K#
.# #@# #######.#####
#.####.<..........
#.##5#...........###
#.........<..).....#
..............####..#(#
#######...##..# .#
#.......... #
###.###.### #.# #.#


You could see Pikel (extremely poisoned) and 3 lemures.

Vanquished Creatures
  A water moccasin (D:4)
  A lemure (D:5)
  A scorpion (D:4)
  A necrophage (D:4)
  2 hounds (D:4)
  A jelly (D:4)
  4 iguanas
  An orc wizard (D:4)
  6 gnolls
  6 adders
  A worm (D:4)
  A dart slug (D:1)
  7 orcs
  11 ball pythons
  7 bats
  5 endoplasms
  3 giant cockroaches
  11 hobgoblins
  6 kobolds
  5 quokkas
  3 frilled lizards
  10 goblins
  9 rats
103 creatures vanquished.

Vanquished Creatures (others)
  A human (D:4)
1 creature vanquished.

Grand Total: 104 creatures vanquished

Notes
Turn   | Place    | Note
-------+----------+-------------------------------------------
     0 | D:1      | Crownlay the Merfolk Venom Mage began the quest for the
                  | Orb.
     0 | D:1      | Reached XP level 1. HP: 13/13 MP: 3/3
   155 | D:1      | Reached XP level 2. HP: 8/20 MP: 3/5
   491 | D:1      | Learned a level 2 spell: Poisonous Vapours
   984 | D:1      | Reached skill level 1 in Fighting
  1051 | D:1      | Reached XP level 3. HP: 21/26 MP: 1/6
  1117 | D:1      | Found a faded altar of an unknown god.
  2058 | D:2      | Learned a level 3 spell: Mephitic Cloud
  2568 | D:2      | Reached XP level 4. HP: 32/32 MP: 1/7
  2819 | D:2      | Reached skill level 4 in Poison Magic
  3215 | D:3      | Found a hazy altar of Hepliaklqana.
  3452 | D:3      | Reached XP level 5. HP: 37/38 MP: 5/9
  3574 | D:3      | Found a stormy altar of Qazlal.
  3897 | D:4      | Reached XP level 6. HP: 30/46 MP: 10/10
  3929 | D:4      | Found an ancient bone altar of Kikubaaqudgha.
  3931 | D:4      | Noticed a human
  3932 | D:4      | Killed a human
  4337 | D:4      | Reached XP level 7. HP: 36/52 MP: 8/12
  4586 | D:4      | Reached skill level 5 in Poison Magic
  4646 | D:4      | Found Unlaw's General Store.
  4663 | D:4      | Bought a potion of brilliance for 52 gold pieces
  4663 | D:4      | Bought a scroll of fog for 26 gold pieces
  4893 | D:5      | Entered Level 5 of the Dungeon
  4961 | D:5      | Noticed Menkaure
  5170 | D:5      | Noticed Pikel
  5185 | D:5      | HP: 1/52 [Pikel/puff of flame (11)]
  5188 | D:5      | Killed from afar by Pikel

Illustrated notes

Levels and vault maps discovered:
D:1:      onia_arrival_mini_spirals, layout_basic,
          hellmonk_ecumenical_altar_heavens_door
D:2:      layout_basic
D:3:      layout_rooms, mainiacjoe_overflow_catwalk, grunt_qazlal_clouds,
          corexii_shack, kennysheep_generic_room_14
D:4:      layout_basic, tgw_kikubaaqudgha, serial_shops,
          nicolae_shop_window_shopping, minmay_ruptured
D:5:      layout_loops_ring, marbit_many_paths, minmay_misc_feat_pillars,
          uniq_menkaure, uniq_prince_ribbit1, uniq_pikel

Skill      XL: |  1  2  3  4  5  6  7 |
---------------+----------------------+-----
Transmutations | 2 3 4 |  4.7
Fighting       | 1 2 3 |  3.6
Dodging        | 3 4 |  4.9
Poison Magic   | 4 5 |  5.1
Spellcasting   | 3 |  3.7
Stealth        | |  2.4

Action                   |  1- 3 |  4- 6 |  7- 9 || total
-------------------------+-------+-------+-------++-------
Melee: Unarmed           |     9 |       |       ||     9
       Dagger            |    51 |    50 |       ||   101
       Spear             |       |    87 |    70 ||   157
       Punch             |       |     1 |     1 ||     2
 Cast: Sting             |    39 |    34 |    15 ||    88
       Poisonous Vapours |    19 |    19 |     5 ||    43
  Use: Scroll            |       |     3 |       ||     3
 Stab: Sleeping          |       |     4 |     2 ||     6
Armor: Robe              |    21 |    28 |    20 ||    69
Dodge: Dodged            |    52 |    93 |    57 ||   202

Table legend: (Time is in decaauts)
 A = Elapsed time spent in this place.
 B = Non-inter-level travel time spent in this place.
 C = Inter-level travel time spent in this place.
 D = Time resting spent in this place.
 E = Time spent auto-exploring this place.
 F = Levels seen in this place.
 G = Mean time per level.
                   A        B        C        D        E       F      G
               +--------+--------+--------+--------+--------+-----+--------+
         Total |   5205 |   5106 |     99 |     32 |   4127 |   5 | 1041.0 |
       Dungeon |   5205 |   5106 |     99 |     32 |   4127 |   5 | 1041.0 |
               +--------+--------+--------+--------+--------+-----+--------+

Top non-repeatable levels by time:
     D:1: 1936 daAuts
     D:4: 1241 daAuts
     D:2: 1153 daAuts
     D:3: 765 daAuts
     D:5: 108 daAuts
